 Dungeon Crawl Stone Soup version 0.29-a0-1043-g569b05d6ff (webtiles) character file.

Game seed: 10478659582902637309

7 dkjp the Sneak (level 1, 0/9 HPs)
             Began as a Spriggan Enchanter on Aug 16, 2022.
             Shot with a sling bullet by a goblin (5 damage)
             ... led by Robin
             ... on level 2 of the Dungeon.
             The game lasted 00:01:18 (204 turns).

dkjp the Sneak (Spriggan Enchanter)                  Turns: 204, Time: 00:01:18

Health: 0/9        AC:  2    Str:  4    XL:     1   Next: 83%
Magic:  5/5        EV: 17    Int: 16    God:
Gold:   0          SH:  0    Dex: 15    Spells: 6/6 levels left

rFire   . . .      SeeInvis +   a - +1 dagger
rCold   . . .      Faith    .   (no shield)
rNeg    . . .      Spirit   .   b - +0 robe
rPois   .          Reflect  .   (helmet restricted)
rElec   .          Harm     .   (no cloak)
rCorr   .          Rampage  .   (gloves unavailable)
Will    .....                   (boots unavailable)
Stlth   +++.......              (no amulet)
HPRegen 0.03/turn               (no ring)
MPRegen 0.09/turn               (no ring)

@: about to teleport, very quick
A: very small, no large weapons, unfitting armour, see invisible, speed 3
a: no special abilities


You were on level 2 of the Dungeon.
You visited 1 branch of the dungeon, and saw 2 of its levels.

Inventory:

Hand Weapons
 a - a +1 dagger (weapon)
Armour
 b - a +0 robe (worn)
Jewellery
 d - a ring of wizardry
Potions
 c - 2 potions of invisibility
 e - a potion of magic


   Skills:
 - Level 1.1 Short Blades
 - Level 2.6 Dodging
 - Level 4.4 Stealth
 + Level 3.1 Spellcasting
 + Level 3.9 Hexes


You had 6 spell levels left.
You didn't know any spells.
Your spell library contained the following spells:

 Spells                   Type           Power      Damage    Failure   Level
 Confusing Touch          Hex            15%        N/A       11%         3
 Tukima's Dance           Hex            15%        N/A       11%         3
 Ensorcelled Hibernation  Hex/Ice        16%        N/A       12%         2
 Dazzling Flash           Conj/Hex       16%        N/A       24%         3


Dungeon Overview and Level Annotations

Branches:
Dungeon (2/15)

Altars:

Annotations:
D:2 Ijyb, Robin


Innate Abilities, Weirdness & Mutations

You are very small and have problems with some larger weapons.
You are too small for most types of armour.
You have supernaturally acute eyesight. (SInv)
You cover ground extremely quickly. (Speed+++)


Message History

You hit the frilled lizard.
You kill the frilled lizard!
You don't know any spells.
Sorry, you're not good enough to have a special ability.
Unknown command.
Found a sedimented pink potion.
There is a stone staircase leading down here.
You climb downwards.
Found 2 scrolls labelled GIPROPREPIE.
There is a stone staircase leading up here.
The helpless rat fails to defend itself.
You impale the rat!!
You kill the rat!
You start resting.
An adder comes into view.
There is a stone staircase leading up here.
f - 2 scrolls labelled GIPROPREPIE
As you read the scroll labelled GIPROPREPIE, it crumbles to dust.
You feel strangely unstable.
It was a scroll of teleportation.
Unknown command.
Your surroundings suddenly seem different.
Ijyb, Robin, 15 goblins and a hobgoblin come into view.
Ijyb is wielding a +2 dagger of pain, wearing a +2 leather armour of willpower and carrying a wand of iceblast (12).
Found three items.
Robin shouts!
The goblin shouts! x12; You hear an angry hiss.
Unknown command.
As you read the scroll of teleportation, it crumbles to dust.
You feel strangely unstable.
Robin roars a battlecry!
The goblins go into a battle-frenzy!
Ijyb shouts!
Unknown command.
Unknown command.
Unknown command.
The goblin unwields a +0 club.
The goblin wields a +0 sling.
The goblin shoots a sling bullet.
The sling bullet completely misses you.
The goblin unwields a +0 club.
The goblin wields a +0 sling.
The goblin shoots a sling bullet.
The sling bullet hits you.
Ouch! That really hurt!
You die... #8ggg..8# #..ggg..# #8..g..8# #.gggggg#

#8.gg..8#
#.[gg...#
#8.....8#
#.......#
#..@....#
#...###.....
###.# .####
#.. # ###


You could see a hobgoblin (strong) and 13 goblins.

Vanquished Creatures
  A bat (D:1)
  A giant cockroach (D:1)
  A kobold (D:1)
  2 frilled lizards (D:1)
  A goblin (D:1)
  A rat (D:2)
7 creatures vanquished.

Notes
Turn   | Place    | Note
-------+----------+-------------------------------------------
     0 | D:1      | dkjp the Spriggan Enchanter began the quest for the Orb.
     0 | D:1      | Reached XP level 1. HP: 9/9 MP: 5/5
    89 | D:1      | Found a faded altar of an unknown god.
   200 | D:2      | Noticed Ijyb
   200 | D:2      | Noticed Robin
   204 | D:2      | Shot with a sling bullet by a goblin

Illustrated notes

Levels and vault maps discovered:
D:1:      nagdon_arrival_double_spiral, layout_loops_ring,
          dreamdust_ecumenical_altar_grove, minmay_gold_behind_fungi
D:2:      kennysheep_the_goblin_king, layout_loops_ring, serial_shops,
          nicolae_shop_behind_doors, bh_walls_and_bars, uniq_robin

Skill      XL: |  1 |
---------------+----+-----
Spellcasting   | 3 |  3.1
Short Blades   | |  1.1
Dodging        | |  2.6
Stealth        | |  4.4
Hexes          | |  3.9

Action                   || total
-------------------------++-------
Melee: Dagger            ||    15
  Use: Scroll            ||     3
 Stab: Sleeping          ||     3
Dodge: Dodged            ||     9

Table legend: (Time is in decaauts)
 A = Elapsed time spent in this place.
 B = Non-inter-level travel time spent in this place.
 C = Inter-level travel time spent in this place.
 D = Time resting spent in this place.
 E = Time spent auto-exploring this place.
 F = Levels seen in this place.
 G = Mean time per level.
                   A        B        C        D        E       F      G
               +--------+--------+--------+--------+--------+-----+--------+
         Total |    165 |    165 |      0 |      3 |     70 |   2 |   82.5 |
       Dungeon |    165 |    165 |      0 |      3 |     70 |   2 |   82.5 |
               +--------+--------+--------+--------+--------+-----+--------+

Top non-repeatable levels by time:
     D:1: 149 daAuts
     D:2: 16 daAuts
